 Dungeon Crawl Stone Soup version 0.27.1-1-g398f81649c (webtiles) character file.

Game seed: 16528435534937981464

34 pokedragonboy the Changer (level 3, -6/26 HPs)
             Began as a Merfolk Transmuter on Sept 15, 2021.
             Mangled by a gnoll (11 damage)
             ... on level 2 of the Dungeon.
             The game lasted 00:02:25 (1434 turns).

pokedragonboy the Changer (Merfolk Transmuter)      Turns: 1434, Time: 00:02:25

Health: -6/26      AC:  2    Str: 11    XL:     3   Next: 31%
Magic:  4/6        EV: 12    Int: 18    God:
Gold:   86         SH:  0    Dex: 14    Spells: 4/7 levels left

rFire    . . .     SeeInvis .     - Unarmed
rCold    . . .     Faith    .   (no shield)
rNeg     . . .     Spirit   .   a - +0 robe
rPois    .         Reflect  .   (helmet currently unavailable)
rElec    .         Harm     .   (no cloak)
rCorr    .         Rampage  .   (no gloves)
Will     .....                  (boots currently unavailable)
Stlth    +.........             c - amulet of regeneration
HPRegen  1.08/turn              b - +6 ring of intelligence
MPRegen  0.10/turn              (no ring)

@: appendages (expiring), wereblooded
A: horns 2, (nimble swimmer 2), mertail
a: End Transformation


You were on level 2 of the Dungeon.
You had temporarily grown beastly horns.
You visited 1 branch of the dungeon, and saw 2 of its levels.

You collected 86 gold pieces.

Inventory:

Armour
 a - a +0 robe (worn)
Jewellery
 b - a +6 ring of intelligence (left hand)
 c - an amulet of regeneration (around neck)
 d - a ring of protection from cold
 f - an amulet of magic regeneration
Potions
 e - a potion of magic {unknown}
 g - a potion of resistance {unknown}


   Skills:
 - Level 1.1 Fighting
 - Level 2.6 Dodging
 - Level 3.2 Unarmed Combat
 + Level 2.5 Spellcasting
 * Level 4.3 Transmutations


You had 4 spell levels left.
You knew the following spells:

 Your Spells              Type           Power      Damage    Failure   Level
a - Beastly Appendage     Tmut           34%        N/A       3%          1
b - Wereblood             Tmut           17%        N/A       4%          2

Your spell library contained the following spells:

 Spells                   Type           Power      Damage    Failure   Level
 Spider Form              Tmut/Pois      5%         N/A       22%         3
 Blink                    Tloc           N/A        N/A       26%         2
 Ice Form                 Ice/Tmut       10%        N/A       56%         4
 Manifold Assault         Tloc           2%         N/A       99%         5
 Storm Form               Tmut/Air       5%         N/A       100%        7


Dungeon Overview and Level Annotations

Branches:
Dungeon (2/15)

Altars:


Innate Abilities, Weirdness & Mutations

You have temporarily grown beastly horns.
((You are quick and stealthy near water. (Stealth+, EV+, Speed+++)))
Your lower body shifts to a powerful aquatic tail in water.


Message History

You hit the gnoll. You headbutt the gnoll!
You kill the gnoll!
The gnoll hits you with a +0 flail!
You barely miss the gnoll. You headbutt the gnoll.
The gnoll is heavily wounded.
You closely miss the gnoll. Your headbutt misses the gnoll.
The gnoll is heavily wounded.
You howl as the wereblood boils in your veins!
You hear a shout!
The gnoll completely misses you.
You hit the gnoll.
The gnoll is severely wounded.
The gnoll barely misses you.
You closely miss the gnoll.
The gnoll is severely wounded.
The gnoll hits you with a +0 flail.
You hit the gnoll.
The gnoll is almost dead.
You howl as the wereblood boils in your veins!
The gnoll hits you but does no damage.
You hit the gnoll.
The gnoll is almost dead.
You howl as the wereblood boils in your veins!
The gnoll closely misses you.
You completely miss the gnoll.
The gnoll is almost dead.
Your transformation is almost over.
The gnoll hits you with a +0 flail!
You closely miss the gnoll.
The gnoll is almost dead.
You howl as the wereblood boils in your veins!
The gnoll hits you with a +0 flail!
* * * LOW HITPOINT WARNING * * *
You hit the gnoll but do no damage.
The gnoll is almost dead.
The gnoll misses you.
You closely miss the gnoll.
The gnoll is almost dead.
The gnoll hits you with a +0 flail!
You die...

#######'#.##.#
#....#
..........##.#
#.####
..........##.#
##'#.#
..........##.#
#....####
#######+#.##.#
#........
#.##.#
#....###.
####.##.#
#....##..
.....#.#
#....##..
...#@# #
#........
g..##.#g#.#
##+#####.
.g..g.....#
#.......
#####.#.#.#
#######.
#.#.#.#
########' #
#.# #
#........ #.#
#........ #.#
......... #.#
#......<.


You could see a gnoll.

Vanquished Creatures
  A gnoll (D:2)
  2 dart slugs
  A ball python (D:1)
  2 bats (D:1)
  3 endoplasms (D:1)
  2 giant cockroaches (D:1)
  A hobgoblin (D:2)
  A kobold (D:1)
  2 quokkas (D:1)
  A frilled lizard (D:1)
  2 rats (D:1)
18 creatures vanquished.

Notes
Turn   | Place    | Note
-------+----------+-------------------------------------------
     0 | D:1      | pokedragonboy the Merfolk Transmuter began the quest for
                  | the Orb.
     0 | D:1      | Reached XP level 1. HP: 15/15 MP: 3/3
   249 | D:1      | Reached skill level 3 in Transmutations
   348 | D:1      | Reached XP level 2. HP: 9/21 MP: 3/5
   519 | D:1      | Learned a level 2 spell: Wereblood
   906 | D:1      | Found a faded altar of an unknown god.
  1342 | D:2      | Reached skill level 4 in Transmutations
  1350 | D:2      | Reached XP level 3. HP: 26/26 MP: 6/6
  1434 | D:2      | Mangled by a gnoll

Illustrated notes

Levels and vault maps discovered:
D:1:      dpeg_arrival_water_fire, layout_loops_ring,
          dreamdust_ecumenical_altar_grove
D:2:      layout_basic, serial_shops, nicolae_shop_waterfront

Skill      XL: |  1  2 |
---------------+-------+-----
Transmutations | 3 4 |  4.3
Fighting       | |  1.1
Dodging        | |  2.6
Unarmed Combat | |  3.2
Spellcasting   | |  2.5

Action                   || total
-------------------------++-------
Melee: Unarmed           ||    74
       Headbutt          ||    12
 Cast: Beastly Appendage ||    18
       Wereblood         ||     1
 Stab: Sleeping          ||     1
Armor: Robe              ||    12
Dodge: Dodged            ||    42
